 Dungeon Crawl Stone Soup version 0.18.1-50-g88ac8fd (webtiles) character file.

709 striepan the Firebug (level 7, -3/36 HPs)
             Began as a Deep Elf Fire Elementalist on Sept 25, 2016.
             Was a Follower of Vehumet.
             Shot with an arrow by a centaur (4 damage)
             ... on level 5 of the Dungeon.
             The game lasted 00:54:12 (4870 turns).

striepan the Firebug (Deep Elf Fire Elementalist)   Turns: 4870, Time: 00:54:13

Health: -3/36      AC:  3    Str:  4 (5)  XL:     7   Next: 40%
Magic:  7/13       EV: 13    Int: 19 (22) God:    Vehumet [*.....]
Gold:   235        SH:  0    Dex: 14 (15) Spells: 3 memorised, 6 levels left

rFire  . . .     SeeInvis +     o - +0 dagger
rCold  . . .     Gourm    .     a - +0 robe
rNeg   . . .     Faith    .     (no shield)
rPois  .         Spirit   .     (no helmet)
rElec  .         Dismiss  .     y - +0 cloak
rCorr  .         Reflect  .     (no gloves)
SustAt .         Harm     .     (no boots)
MR     .....     Rnd*Tele +     (no amulet)
Stlth  +++.......               D - ring "Yshorayr" {*Tele Stlth+}
                                l - ring of see invisible

@: not resistant to hostile enchantments, fairly stealthy
A: no striking features
a: Renounce Religion


You were on level 5 of the Dungeon.
You worshipped Vehumet.
Vehumet was aware of your devotion.
You were not hungry.

You visited 2 branches of the dungeon, and saw 6 of its levels.

You collected 235 gold pieces.

Inventory:

Hand Weapons
 i - a +0 short sword
 o - a +0 dagger (weapon)
Armour
 a - a +0 robe (worn)
 n - a +0 buckler
 t - a mottled dragon hide
 y - a +0 cloak (worn)
Jewellery
 l - a ring of see invisible (left hand)
 D - the ring "Yshorayr" (right hand) {*Tele Stlth+}
   (You found it on level 4 of the Dungeon)

   [ring of teleportation]

   It may teleport you next to monsters.
   It makes you more stealthy.
Wands
 x - a wand of hasting (0/9)
Scrolls
 e - a scroll of identify
 f - 2 scrolls of amnesia
 j - 2 scrolls of remove curse
 m - 2 scrolls of magic mapping
 w - 2 scrolls of recharging
 A - a scroll of enchant weapon
Potions
 d - 2 potions of lignification
 s - a potion of brilliance {unknown}
 v - a potion of magic
 z - a potion of agility
 C - a potion of berserk rage {unknown}
 E - a potion of might {unknown}
Books
 b - a book of Flames

   Spells                             Type                      Level
   a - Flame Tongue                   Conjuration/Fire             1
   b - Throw Flame                    Conjuration/Fire             2
   c - Conjure Flame                  Conjuration/Fire             3
   d - Inner Flame                    Hexes/Fire                   3
   e - Sticky Flame                   Conjuration/Fire             4
   f - Fireball                       Conjuration/Fire             5
Comestibles
 c - 2 bread rations
 g - 2 beef jerkies
 h - 2 chunks of flesh
 p - 2 fruits
 u - a meat ration
 B - a slice of pizza


   Skills:
 - Level 2.4 Dodging
 - Level 2.4 Stealth
 - Level 3.0 Spellcasting
 + Level 6.3 Conjurations
 - Level 7.1 Fire Magic


You had 6 spell levels left.
You knew the following spells:

 Your Spells              Type           Power        Failure   Level  Hunger
a - Flame Tongue          Conj/Fire      ####.        1%          1    None
b - Throw Flame           Conj/Fire      ####..       1%          2    ##.....
c - Conjure Flame         Conj/Fire      ####....     2%          3    ###....


Dungeon Overview and Level Annotations

Branches:
Dungeon (5/15)             Temple (1/1) D:4

Altars:
Ashenzari
Dithmenos
Elyvilon
Fedhas
Makhleb
Nemelex Xobeh
Okawaru
Ru
Trog
Vehumet
Xom
Yredelemnul

Annotations:
D:5 Kronon's ghost, novice DsWn


Message History

A worker ant comes into view.
Casting: Flame Tongue
Confirm with . or Enter, or press ? or * to list all spells.
Aiming: Flame Tongue
Press: ? - help, Shift-Dir - straight line, f/p - centaur
Aim: a centaur, wielding a shortbow (heavily wounded)
The flame tongue hits the centaur.
The centaur appears unharmed.
The centaur is heavily wounded.
The centaur shoots an arrow.
The arrow misses you.
Casting: Flame Tongue
Confirm with . or Enter, or press ? or * to list all spells.
Aiming: Flame Tongue
Press: ? - help, Shift-Dir - straight line, f/p - centaur
Aim: a centaur, wielding a shortbow (heavily wounded)
The flame tongue misses the centaur.
The flame tongue hits the giant frog skeleton.
The centaur shoots an arrow.
The arrow hits you.
* * * LOW HITPOINT WARNING * * *
The centaur shoots an arrow.
The arrow hits you.
You die...

#.#.#..######.#
#.#...........##).#
...##..########...
.#.....#### #..
###.......# .a.
.#..[.)##.# #Z#
<.)###....# #c#
##.# #.#### #.# #.#
#.# #@# ##.###.#
#.#
#...##.#########.#
..#.........>.##.#
#...##.######.##.#
##.###.# #.##(#
#.###.######.##.#
#...............#
######.#####.####


You could see a centaur, a worker ant and a giant frog skeleton.

Vanquished Creatures
  Menkaure (D:4)
  A giant frog (D:4)
  2 orc wizards (D:4)
  Crazy Yiuf (D:3)
  A giant frog skeleton (D:4)
  2 iguanas (D:4)
  Natasha (thrice) (D:3)
  3 worker ants (D:4)
  Robin (D:3)
  A gnoll (D:4)
  6 adders
  An ooze (D:4)
  A worm (D:4)
  A dart slug (D:1)
  4 giant geckos
  15 orcs
  8 bats
  5 giant cockroaches
  20 goblins
  15 hobgoblins
  15 jackals
  5 giant newts
  7 kobolds
  6 rats
125 creatures vanquished.

Notes
Turn   | Place    | Note
--------------------------------------------------------------
     0 | D:1      | striepan the Deep Elf Fire Elementalist began the quest for the Orb.
     0 | D:1      | Reached XP level 1. HP: 10/10 MP: 6/6
   268 | D:1      | Reached XP level 2. HP: 15/15 MP: 6/8
   677 | D:1      | Reached XP level 3. HP: 17/19 MP: 2/9
  1057 | D:2      | Learned a level 2 spell: Throw Flame
  1061 | D:2      | Learned a level 3 spell: Conjure Flame
  1223 | D:2      | Reached skill level 4 in Fire Magic
  2127 | D:3      | Reached XP level 4. HP: 24/24 MP: 7/10
  2185 | D:3      | Noticed Robin
  2396 | D:3      | Noticed Natasha
  2406 | D:3      | Killed Natasha
  2602 | D:3      | Noticed Crazy Yiuf
  2608 | D:3      | Killed Crazy Yiuf
  2608 | D:3      | Reached XP level 5. HP: 28/28 MP: 2/11
  2728 | D:3      | Found a shattered altar of Ashenzari.
  2738 | D:3      | Noticed Natasha
  2744 | D:3      | Killed Natasha
  2744 | D:3      | Reached skill level 5 in Conjurations
  2924 | D:3      | Noticed Natasha
  2928 | D:3      | Killed Natasha
  3068 | D:3      | Killed Robin
  3336 | D:4      | Reached XP level 6. HP: 32/32 MP: 1/12
  3503 | D:4      | Found a staircase to the Ecumenical Temple.
  3514 | Temple   | Entered the Ecumenical Temple
  3534 | Temple   | Became a worshipper of Vehumet
  3572 | D:4      | Reached skill level 5 in Fire Magic
  3595 | D:4      | Noticed Menkaure
  3756 | D:4      | Found a bloodstained altar of Trog.
  3757 | D:4      | Found an iron altar of Okawaru.
  3916 | D:4      | Killed Menkaure
  3916 | D:4      | Reached skill level 6 in Fire Magic
  3916 | D:4      | Reached XP level 7. HP: 15/36 MP: 4/13
  4209 | D:4      | Got a translucent iron ring
  4227 | D:4      | Reached skill level 7 in Fire Magic
  4424 | D:4      | Reached * piety under Vehumet
  4424 | D:4      | Offered knowledge of Sting by Vehumet.
  4688 | D:5      | Entered Level 5 of the Dungeon
  4744 | D:5      | Identified the ring "Yshorayr" {*Tele Stlth+} (You found it on level 4 of the Dungeon)
  4756 | D:5      | Noticed Kronon's ghost (novice DsWn)
  4870 | D:5      | HP: 1/36 [centaur/arrow (4)]
  4870 | D:5      | Shot with an arrow by a centaur

Skill      XL: |  1  2  3  4  5  6  7 |
---------------+----------------------+-----
Conjurations   | 2 3 4 5 6 |  6.3
Fire Magic     | 4 6 7 |  7.1
Dodging        | |  2.4
Stealth        | |  2.4
Spellcasting   | |  3.0

Action                   |  1- 3 |  4- 6 |  7- 9 || total
-------------------------+-------+-------+-------++-------
Melee: Dagger            |       |     1 |     1 ||     2
 Cast: Flame Tongue      |    71 |   124 |    64 ||   259
       Conjure Flame     |       |     4 |     1 ||     5
       Throw Flame       |       |     2 |       ||     2
  Use: Scroll            |     1 |     6 |     3 ||    10
       Potion            |       |       |     6 ||     6
  Eat: Chunk             |     2 |     6 |     3 ||    11
       Beef jerky        |     1 |       |       ||     1
Armor: Robe              |     3 |     7 |     2 ||    12
Dodge: Dodged            |    13 |    22 |    23 ||    58
